[ AOE2 MATCH · #507085781 ]
UnrankedIncas vs Japanese
Player's team · LOSS
[ REPLAY ANALYSIS · EXTRACTED FROM THE RECORDED GAME ]
Feudal
10:33
Castle
25:52
Imperial
—
| APM avg | 78.3 |
| APM peak | 119 |
| eAPM avg | 39.5 |
| Villagers / military | 69 / 87 |
Focus
⚔️ 27.0% · 🌾 73.0%
Archer ×42 · Petard ×34 · Unknown (2550) ×24 · Skirmisher ×11
Feudal
8:51
Castle
23:46
Imperial
—
| APM avg | 56.8 |
| APM peak | 76 |
| eAPM avg | 32.5 |
| Villagers / military | 65 / 67 |
Focus
⚔️ 38.5% · 🌾 61.5%
Archer ×42 · Militia ×23 · Skirmisher ×1 · Battering Ram ×1
Match map
Initial resources + every placement click. Lines = walls · curves = elevation contours. ◆ gold · ⬟ stone · ● berries · ✦ relic · ◌ wall gap
Your base· ✓ Closed at 25:52 · 0t walls · 3 gate(s)
[DDocs] Dr.Rollstuhl - Twitch's base· ✓ Closed at 23:46 · 0t walls · 4 gate(s)
Smoothed initial terrain · ◌ = detected wall gap · hover for details
Inputs per minute
— WryPig - - [DDocs] Dr.Rollstuhl - Twitch
Build order — WryPig
First 150 of 222 actions detected
| 0:00 | Queue | Villager (Male) |
| 0:01 | Queue | Villager (Male) |
| 0:01 | Queue | Villager (Male) |
| 0:03 | Build | House |
| 0:05 | Build | House |
| 0:10 | Queue | Villager (Male) |
| 0:10 | Queue | Villager (Male) |
| 0:13 | Build | House |
| 1:26 | Queue | Villager (Male) |
| 1:50 | Queue | Villager (Male) |
| 1:50 | Queue | Villager (Male) |
| 1:50 | Queue | Villager (Male) |
| 2:18 | Build | Settlement |
| 2:29 | Queue | Villager (Male) |
| 2:30 | Queue | Villager (Male) |
| 3:01 | Queue | Villager (Male) |
| 3:01 | Queue | Villager (Male) |
| 3:01 | Queue | Villager (Male) |
| 3:56 | Queue | Villager (Male) |
| 3:56 | Queue | Villager (Male) |
| 3:58 | Queue | Villager (Male) |
| 3:58 | Queue | Villager (Male) |
| 4:01 | Queue | Villager (Male) |
| 4:41 | Queue | Villager (Male) |
| 4:41 | Queue | Villager (Male) |
| 4:41 | Queue | Villager (Male) |
| 5:04 | Queue | Villager (Male) |
| 5:04 | Queue | Villager (Male) |
| 5:04 | Queue | Villager (Male) |
| 5:05 | Queue | Villager (Male) |
| 5:17 | Build | Barracks |
| 5:20 | Queue | Villager (Male) |
| 5:20 | Queue | Villager (Male) |
| 5:38 | Queue | Villager (Male) |
| 6:09 | Queue | Unit 2550 |
| 6:09 | Queue | Unit 2550 |
| 6:09 | Queue | Unit 2550 |
| 6:54 | Queue | Villager (Male) |
| 7:13 | Build | Settlement |
| 7:44 | Research | Loom |
| 8:10 | Research | Feudal Age |
| 8:11 | Research | Feudal Age |
| 8:11 | Research | Feudal Age |
| 8:15 | Queue | Unit 2550 |
| 8:51 | Queue | Villager (Male) |
| 9:10 | Queue | Unit 2550 |
| 9:24 | Queue | Villager (Male) |
| 9:32 | Queue | Unit 2550 |
| 10:01 | Queue | Unit 2550 |
| 10:25 | Build | Barracks |
| 10:33 | Age | Feudal Age |
| 10:38 | Research | Tech 1402 |
| 10:38 | Research | Tech 1402 |
| 10:42 | Queue | Villager (Male) |
| 11:02 | Build | Archery Range |
| 11:07 | Queue | Unit 2550 |
| 11:07 | Queue | Unit 2550 |
| 11:07 | Queue | Unit 2550 |
| 11:14 | Queue | Villager (Male) |
| 11:22 | Queue | Unit 2550 |
| 11:23 | Queue | Unit 2550 |
| 11:23 | Queue | Unit 2550 |
| 11:49 | Queue | Archer |
| 11:49 | Queue | Archer |
| 12:22 | Queue | Unit 2550 |
| 12:22 | Queue | Villager (Male) |
| 12:27 | Build | Blacksmith |
| 12:41 | Queue | Unit 2550 |
| 12:41 | Queue | Unit 2550 |
| 12:55 | Queue | Skirmisher |
| 12:59 | Queue | Skirmisher |
| 13:10 | Build | Farm |
| 13:13 | Queue | Villager (Male) |
| 13:13 | Queue | Villager (Male) |
| 13:13 | Queue | Villager (Male) |
| 13:20 | Build | House |
| 13:36 | Queue | Villager (Male) |
| 13:37 | Queue | Villager (Male) |
| 13:38 | Build | Farm |
| 13:56 | Build | Farm |
| 13:58 | Queue | Villager (Male) |
| 13:59 | Queue | Villager (Male) |
| 14:29 | Queue | Unit 2550 |
| 14:29 | Queue | Unit 2550 |
| 14:29 | Queue | Villager (Male) |
| 14:32 | Build | Farm |
| 14:37 | Build | Farm |
| 14:38 | Queue | Villager (Male) |
| 14:43 | Queue | Archer |
| 14:44 | Queue | Archer |
| 14:53 | Build | Farm |
| 15:05 | Queue | Villager (Male) |
| 15:07 | Build | Farm |
| 15:28 | Queue | Archer |
| 15:29 | Queue | Archer |
| 15:55 | Queue | Archer |
| 15:56 | Queue | Archer |
| 15:57 | Queue | Villager (Male) |
| 15:58 | Queue | Villager (Male) |
| 15:59 | Queue | Villager (Male) |
| 15:59 | Queue | Villager (Male) |
| 16:22 | Research | Fletching |
| 16:22 | Research | Fletching |
| 16:29 | Build | Archery Range |
| 16:37 | Queue | Unit 2550 |
| 16:37 | Queue | Unit 2550 |
| 16:38 | Queue | Archer |
| 16:38 | Queue | Archer |
| 16:38 | Queue | Archer |
| 16:49 | Queue | Villager (Male) |
| 16:50 | Build | Farm |
| 17:08 | Queue | Archer |
| 17:09 | Queue | Archer |
| 17:09 | Queue | Archer |
| 17:36 | Queue | Archer |
| 17:37 | Queue | Archer |
| 17:39 | Queue | Villager (Male) |
| 17:39 | Queue | Villager (Male) |
| 17:57 | Queue | Villager (Male) |
| 18:01 | Queue | Archer |
| 18:01 | Queue | Archer |
| 18:03 | Queue | Skirmisher |
| 18:04 | Queue | Skirmisher |
| 18:04 | Queue | Skirmisher |
| 18:09 | Build | Market |
| 18:29 | Queue | Villager (Male) |
| 18:45 | Build | Farm |
| 18:46 | Build | Farm |
| 18:46 | Build | Farm |
| 18:46 | Build | Farm |
| 18:46 | Build | Farm |
| 18:55 | Queue | Skirmisher |
| 18:55 | Queue | Skirmisher |
| 18:55 | Queue | Villager (Male) |
| 18:55 | Queue | Villager (Male) |
| 19:05 | Queue | Villager (Male) |
| 19:05 | Queue | Villager (Male) |
| 19:25 | Queue | Villager (Male) |
| 19:37 | Queue | Skirmisher |
| 19:37 | Queue | Skirmisher |
| 19:38 | Queue | Skirmisher |
| 20:13 | Queue | Skirmisher |
| 20:13 | Queue | Villager (Male) |
| 20:14 | Queue | Villager (Male) |
| 20:14 | Queue | Villager (Male) |
| 20:16 | Build | Farm |
| 20:17 | Build | Farm |
| 20:17 | Build | Farm |
| 20:18 | Build | Farm |
| 20:18 | Build | Farm |
Build order — [DDocs] Dr.Rollstuhl - Twitch
First 150 of 215 actions detected
| 0:00 | Queue | Villager (Male) |
| 0:01 | Queue | Villager (Male) |
| 0:01 | Queue | Villager (Male) |
| 0:02 | Build | House |
| 0:03 | Build | House |
| 0:10 | Queue | Villager (Male) |
| 1:27 | Queue | Villager (Male) |
| 1:45 | Build | Lumber Camp |
| 1:54 | Build | Lumber Camp |
| 1:59 | Queue | Villager (Male) |
| 2:13 | Queue | Villager (Male) |
| 2:56 | Queue | Villager (Male) |
| 2:56 | Queue | Villager (Male) |
| 2:56 | Queue | Villager (Male) |
| 3:26 | Queue | Villager (Male) |
| 3:26 | Queue | Villager (Male) |
| 3:58 | Build | House |
| 4:01 | Queue | Villager (Male) |
| 4:24 | Build | Barracks |
| 5:00 | Queue | Villager (Male) |
| 5:00 | Queue | Villager (Male) |
| 5:00 | Queue | Villager (Male) |
| 5:01 | Queue | Villager (Male) |
| 5:22 | Queue | Villager (Male) |
| 5:24 | Queue | Villager (Male) |
| 5:24 | Queue | Villager (Male) |
| 5:33 | Queue | Villager (Male) |
| 5:34 | Research | Loom |
| 6:02 | Queue | Villager (Male) |
| 6:20 | Build | Mining Camp |
| 6:39 | Research | Feudal Age |
| 6:51 | Build | Mill |
| 7:06 | Queue | Militia |
| 7:06 | Queue | Militia |
| 7:07 | Queue | Militia |
| 7:11 | Build | House |
| 7:33 | Queue | Militia |
| 7:33 | Queue | Militia |
| 7:41 | Build | House |
| 7:44 | Research | Loom |
| 7:50 | Queue | Villager (Male) |
| 8:01 | Build | House |
| 8:22 | Queue | Militia |
| 8:51 | Age | Feudal Age |
| 8:52 | Research | Man-at-Arms (upgrade) |
| 8:52 | Research | Man-at-Arms (upgrade) |
| 8:55 | Queue | Villager (Male) |
| 9:21 | Queue | Villager (Male) |
| 9:29 | Research | Loom |
| 9:29 | Research | Loom |
| 9:36 | Build | Archery Range |
| 9:44 | Queue | Villager (Male) |
| 9:46 | Queue | Militia |
| 10:05 | Research | Double-Bit Axe |
| 10:05 | Research | Double-Bit Axe |
| 10:07 | Build | Farm |
| 10:08 | Build | Farm |
| 10:20 | Queue | Militia |
| 10:44 | Build | Archery Range |
| 10:47 | Queue | Villager (Male) |
| 10:53 | Queue | Militia |
| 10:59 | Build | House |
| 11:05 | Build | Farm |
| 11:08 | Build | Farm |
| 11:11 | Queue | Villager (Male) |
| 11:22 | Build | House |
| 11:27 | Queue | Archer |
| 11:31 | Build | Palisade Gate |
| 11:35 | Build | Palisade Gate |
| 11:41 | Queue | Archer |
| 11:46 | Queue | Villager (Male) |
| 11:50 | Queue | Villager (Male) |
| 11:51 | Build | Farm |
| 12:08 | Queue | Archer |
| 12:10 | Queue | Militia |
| 12:29 | Queue | Villager (Male) |
| 12:32 | Build | Farm |
| 12:34 | Build | Farm |
| 13:17 | Queue | Archer |
| 13:18 | Queue | Militia |
| 13:19 | Queue | Villager (Male) |
| 13:22 | Build | Farm |
| 13:22 | Build | Farm |
| 13:26 | Build | Farm |
| 13:33 | Queue | Militia |
| 13:48 | Build | Blacksmith |
| 13:59 | Queue | Villager (Male) |
| 14:04 | Queue | Villager (Male) |
| 14:13 | Queue | Archer |
| 14:14 | Queue | Skirmisher |
| 14:30 | Queue | Villager (Male) |
| 14:31 | Queue | Villager (Male) |
| 14:43 | Build | House |
| 14:44 | Build | House |
| 14:46 | Queue | Villager (Male) |
| 14:51 | Build | Farm |
| 14:52 | Build | Farm |
| 14:54 | Queue | Villager (Male) |
| 14:55 | Queue | Archer |
| 15:22 | Research | Fletching |
| 15:48 | Queue | Archer |
| 15:49 | Queue | Villager (Male) |
| 15:53 | Queue | Villager (Male) |
| 16:03 | Queue | Militia |
| 16:04 | Queue | Villager (Male) |
| 16:09 | Build | Farm |
| 16:09 | Build | Farm |
| 16:09 | Build | Farm |
| 16:25 | Queue | Archer |
| 16:28 | Queue | Villager (Male) |
| 16:39 | Queue | Villager (Male) |
| 17:01 | Queue | Archer |
| 17:03 | Queue | Villager (Male) |
| 17:06 | Research | Horse Collar |
| 17:06 | Research | Horse Collar |
| 17:14 | Queue | Archer |
| 17:19 | Queue | Archer |
| 17:29 | Queue | Villager (Male) |
| 17:32 | Research | Gold Mining |
| 17:33 | Research | Gold Mining |
| 17:36 | Build | Farm |
| 17:44 | Queue | Militia |
| 17:44 | Queue | Militia |
| 18:02 | Queue | Villager (Male) |
| 18:04 | Build | Farm |
| 18:04 | Queue | Villager (Male) |
| 18:12 | Build | Barracks |
| 18:13 | Queue | Villager (Male) |
| 18:17 | Research | Wheelbarrow |
| 18:21 | Research | Arson |
| 18:34 | Queue | Archer |
| 18:35 | Queue | Villager (Male) |
| 18:52 | Queue | Archer |
| 18:56 | Build | Farm |
| 18:57 | Build | House |
| 19:03 | Queue | Villager (Male) |
| 19:09 | Queue | Militia |
| 19:12 | Build | Farm |
| 19:16 | Queue | Militia |
| 19:33 | Queue | Archer |
| 19:48 | Queue | Archer |
| 19:49 | Queue | Villager (Male) |
| 20:13 | Queue | Archer |
| 20:26 | Queue | Archer |
| 20:27 | Queue | Villager (Male) |
| 20:30 | Queue | Villager (Male) |
| 20:51 | Build | House |
| 20:59 | Research | Castle Age |
| 20:59 | Research | Castle Age |
| 21:14 | Queue | Archer |
Match timeline
| 4:24 | [DDocs] Dr.Rollstuhl - Twitch · first_building Barracks |
| 5:17 | WryPig · first_building Barracks |
| 8:51 | [DDocs] Dr.Rollstuhl - Twitch · age_up feudal |
| 9:36 | [DDocs] Dr.Rollstuhl - Twitch · first_building Archery Range |
| 10:33 | WryPig · age_up feudal |
| 11:02 | WryPig · first_building Archery Range |
| 19:24 | WryPig · first_market_buy 100 food |
| 22:47 | WryPig · first_market_sell 100 stone |
| 23:46 | [DDocs] Dr.Rollstuhl - Twitch · age_up castle |
| 24:13 | [DDocs] Dr.Rollstuhl - Twitch · first_building Siege Workshop |
| 25:52 | WryPig · age_up castle |
| 26:02 | WryPig · wall_segment Palisade Wall x1 |
| 27:36 | WryPig · resign |
[ AI ANALYSIS · 1 CREDIT ]
What really happened in this match?
Wolo.gg analyzes every decision: build order, eco, micro, common mistakes by bracket. Personalized analysis on WhatsApp or Discord in 30 seconds.
Civ guide
Incas
Perfil
Jugador #4039792